 Dungeon Crawl Stone Soup version 0.20.1-1-g8b1a95d66d (webtiles) character file.

11855 Giltor the Jinx (level 11, -13/52 HPs)
             Began as a Spriggan Enchanter on Dec 14, 2017.
             Was a High Priest of Okawaru.
             Mangled by a seven-headed hydra (15 damage)
             ... on level 2 of the Lair of Beasts.
             The game lasted 02:20:41 (12361 turns).

Giltor the Jinx (Spriggan Enchanter)               Turns: 12361, Time: 02:20:41

Health: -13/52     AC:  5    Str:  9    XL:     11   Next: 54%
Magic:  9/22       EV: 25    Int: 22    God:    Okawaru [*****.]
Gold:   232        SH:  0    Dex: 17    Spells: 11/24 levels left

rFire    . . .     SeeInvis +   L - +2 dagger (speed)
rCold    + . .     Gourm    .   (shield restricted)
rNeg     + . .     Faith    .   F - +1 robe {rF+}
rPois    +         Spirit   .   W - +2 hat {Int+3}
rElec    .         Reflect  .   B - scarf {cloud immunity}
rCorr    .         Harm     .   (gloves unavailable)
MR       +....                  (boots unavailable)
Stlth    +++++.....             A - amulet "Umimim Yxue" {RegenMP rPois Str+2 Int+2}
Regen    0.2/turn               r - ring of ice
MPRegen  0.3/turn               m - ring of positive energy

@: very quick
A: unfitting armour, see invisible, herbivore 3, speed 3, slow metabolism 2
a: Heroism, Finesse, Renounce Religion


You were on level 2 of the Lair of Beasts.
You worshipped Okawaru.
Okawaru was extremely pleased with you.
You were very full.

You visited 2 branches of the dungeon, and saw 11 of its levels.
You also visited: Sewer.

You collected 459 gold pieces.
You spent 227 gold pieces at shops.

Inventory:

Hand Weapons
 a - a +1 dagger
 i - a +2 dagger of holy wrath
 p - a cursed -1 short sword
 K - a +1 short sword of flaming
 L - a +2 dagger of speed (weapon)
Missiles
 o - 67 poisoned needles
 C - 10 needles of sleeping
Armour
 z - a +0 robe of positive energy
 B - a scarf of cloud immunity (worn)
 F - a +1 robe of fire resistance (worn)
 Q - a +0 troll leather armour
 R - a scarf of spirit shield
 W - a +2 hat of intelligence (worn)
Magical Staves
 y - an uncursed staff of fire
Jewellery
 m - a ring of positive energy (right hand)
 r - a ring of ice (left hand)
 x - an uncursed amulet of harm {unknown}
 A - the amulet "Umimim Yxue" (around neck) {RegenMP rPois Str+2 Int+2}
   (You found it on level 6 of the Dungeon)

   [amulet of magic regeneration]

   It increases your magic regeneration.
   It affects your strength (+2).
   It affects your intelligence (+2).
   It protects you from poison.
Wands
 n - a wand of paralysis (15/24)
 G - a wand of enslavement (9/24)
 H - a wand of paralysis (19/24)
 J - a wand of flame (26/48)
 N - a wand of iceblast (7/15)
 P - a wand of paralysis (18/24)
Scrolls
 e - 5 scrolls of teleportation
 j - 2 scrolls of random uselessness
 k - 2 scrolls of fog
 l - 3 scrolls of magic mapping
 I - 2 scrolls of amnesia
 M - a scroll of blinking {unknown}
 V - 2 scrolls of recharging
Potions
 b - a potion of invisibility {unknown}
 d - a potion of might
 f - a potion of berserk rage
 g - a potion of haste
 h - a potion of lignification {unknown}
 q - 2 potions of mutation
 s - a potion of heal wounds
 t - 3 potions of curing
 u - a potion of flight {unknown}
 S - 2 potions of brilliance {unknown}
Books
 c - a book of Maledictions

   Spells                             Type                      Level
   a - Corona                         Hexes                        1
   b - Ensorcelled Hibernation        Hexes/Ice                    2
   c - Confuse                        Hexes                        3
   d - Tukima's Dance                 Hexes                        3
   e - Dazzling Spray                 Conjuration/Hexes            3
 O - a book of Beasts

   Spells                             Type                      Level
   a - Summon Butterflies             Summoning                    1
   b - Call Canine Familiar           Summoning                    3
   c - Summon Ice Beast               Ice/Summoning                4
   d - Summon Mana Viper              Hexes/Summoning              5
   e - Summon Hydra                   Summoning                    7
Comestibles
 D - 4 royal jellies
 E - 2 bread rations
 T - 3 fruits


   Skills:
 - Level 3.1 Fighting
 - Level 10.3 Short Blades
 - Level 9.2 Dodging
 - Level 10.6 Stealth
 - Level 7.0 Spellcasting
 - Level 12.2 Hexes
 + Level 1.9 Summonings
 - Level 3.0 Invocations
 - Level 5.0 Evocations


You had 11 spell levels left.
You knew the following spells:

 Your Spells              Type           Power        Failure   Level  Hunger
a - Tukima's Dance        Hex            ######..     1%          3    None
b - Ensorcelled Hibernat  Hex/Ice        ######       1%          2    None
c - Confuse               Hex            ######..     1%          3    None
d - Summon Mana Viper     Hex/Summ       #####...     12%         5    #####..


Dungeon Overview and Level Annotations

Branches:
Dungeon (9/15)             Temple (0/1) D:5            Lair (2/6) D:9
  Swamp: Lair:2-4    Shoals: Lair:2-4     Snake: Lair:2-4    Spider: Lair:2-4
    Orc: D:9-12

Altars:
Ashenzari
Cheibriados
Fedhas
Okawaru
Ru
Trog
Xom
Yredelemnul

Shops:
D:4 ?   D:7 [


Innate Abilities, Weirdness & Mutations

You are very small and have problems with some larger weapons.
You are too small for most types of armour.
You have supernaturally acute eyesight. (SInv)
You are a herbivore.
You cover ground extremely quickly.
You need consume almost no food.


Message History

The steam dragon closely misses the rime drake.
The steam dragon claws the rime drake but does no damage.
The steam dragon barely misses the rime drake.
The steam dragon misses the rime drake.
The seven-headed hydra completely misses you. x2
The seven-headed hydra bites you. The seven-headed hydra bites you!
The seven-headed hydra barely misses you.
The seven-headed hydra bites you! The seven-headed hydra bites you.
The rime drake breathes ice at you. The flash freeze hits you!
You partially resist.
* * * LOW HITPOINT WARNING * * *
You are encased in ice.
The ice encasing you melts away.
There is a stone staircase leading up here.
The steam dragon breathes steam at you. The ball of steam misses you.
The seven-headed hydra bites you!
* * * LOW HITPOINT WARNING * * *
The seven-headed hydra completely misses you.
The seven-headed hydra misses you. The seven-headed hydra bites you!
You die...

.. ##≈.#...#....#
.k.##D.†.........#
...kD.............#
......D.k....P....#
P.##.P............#
. #..##.k........#
D...........#....#
....k....D§.D....#
.#..#....k.§@....#
.. ###.....#§§..# .
#....P#..§.#
............#
.............#
..#....##....#
....... .....
..P... ....##


You could see a seven-headed hydra, 3 rime drakes and 3 steam dragons.

Vanquished Creatures
  Gastronok (Lair:1)
  The ghost of jesusflecha the Cleaver, a journeyman HOFi of Makhleb (D:9)
  A two-headed ogre (D:5)
  Maurice (D:8)
  2 spiny frogs (Lair:1)
  A rime drake (Lair:2)
  2 trolls (D:9)
  Prince Ribbit (D:6)
  2 hippogriffs
  4 yaks
  A wyvern (D:9)
  A dancing weapon (D:4)
  4 hogs (D:7)
  A human (D:7)
  A hungry ghost (D:8)
  A steam dragon (Lair:2)
  A porcupine (Lair:1)
  A black bear (D:8)
  7 ice beasts
  3 orc warriors
  3 sky beasts
  Purgy (Sewer)
  2 phantoms
  A necrophage (D:6)
  3 ogres
  4 wolves
  4 centaurs
  3 bullfrogs
  4 scorpions
  6 killer bees (D:8)
  2 howler monkeys
  An electric eel (Lair:1)
  A crimson imp (D:7)
  A bullfrog zombie (D:5)
  10 hounds
  A jelly (D:8)
  2 bullfrog skeletons
  4 orc priests
  3 centaur skeletons
  Jessica (D:3)
  Natasha (thrice) (D:3)
  5 iguanas
  6 orc wizards
  7 worker ants
  A killer bee zombie (D:6)
  A hound zombie (D:6)
  2 hound skeletons
  A howler monkey zombie (D:7)
  8 gnolls
  11 adders
  2 shadow imps
  An ooze (D:5)
  3 worms (D:2)
  3 dart slugs
  7 leopard geckos
  23 orcs
  7 bats
  6 giant cockroaches
  12 goblins
  11 hobgoblins
  7 jackals
  8 kobolds
  5 quokkas
  6 ball pythons
  11 frilled lizards
  A leopard gecko skeleton (D:5)
  A quokka skeleton (D:8)
  4 rats
257 creatures vanquished.

Vanquished Creatures (collateral kills)
  A two-headed ogre (D:9)
  8 orcs
9 creatures vanquished.

Vanquished Creatures (others)
  5 dancing weapons
5 creatures vanquished.

Grand Total: 271 creatures vanquished

Notes
Turn   | Place    | Note
-------+----------+-------------------------------------------
     0 | D:1      | Giltor the Spriggan Enchanter began the quest for the Orb.
     0 | D:1      | Reached XP level 1. HP: 9/9 MP: 5/5
   438 | D:1      | Reached XP level 2. HP: 11/13 MP: 1/6
   443 | D:1      | Learned a level 2 spell: Ensorcelled Hibernation
   662 | D:1      | Reached skill level 4 in Hexes
  1213 | D:1      | Reached skill level 5 in Stealth
  1213 | D:1      | Reached XP level 3. HP: 16/16 MP: 5/8
  1247 | D:1      | Learned a level 3 spell: Confuse
  2132 | D:2      | Reached XP level 4. HP: 21/21 MP: 6/9
  2137 | D:2      | Learned a level 3 spell: Tukima's Dance
  2154 | D:2      | Reached skill level 1 in Fighting
  2155 | D:2      | Found a shattered altar of Ashenzari.
  2848 | D:3      | Noticed Natasha
  2851 | D:3      | Killed Natasha
  2851 | D:3      | Reached skill level 5 in Hexes
  2853 | D:3      | Found a glowing drain.
  2883 | Sewer    | Entered a sewer
  3101 | Sewer    | Noticed Purgy
  3171 | Sewer    | Killed Purgy
  3171 | Sewer    | Reached skill level 6 in Hexes
  3171 | Sewer    | Reached XP level 5. HP: 22/25 MP: 5/10
  3433 | D:3      | Reached XP level 6. HP: 30/30 MP: 4/11
  3443 | D:3      | Noticed Natasha
  3533 | D:3      | Killed Natasha
  3710 | D:3      | Noticed Natasha
  3718 | D:3      | Killed Natasha
  4057 | D:3      | Noticed Jessica
  4064 | D:3      | Killed Jessica
  4460 | D:4      | Reached XP level 7. HP: 33/33 MP: 3/13
  4755 | D:4      | Found a blossoming altar of Fedhas.
  5043 | D:4      | Found Yfitaonk's Magic Scroll Shop.
  5077 | D:4      | Bought a scroll of identify for 24 gold pieces
  5077 | D:4      | Bought a scroll of enchant armour for 90 gold pieces
  5077 | D:4      | Bought a scroll of remove curse for 36 gold pieces
  5109 | D:4      | Reached skill level 7 in Hexes
  5540 | D:4      | Found an iron altar of Okawaru.
  5551 | D:4      | Became a worshipper of Warmaster Okawaru
  5791 | D:5      | Entered Level 5 of the Dungeon
  5812 | D:5      | Found a sacrificial altar of Ru.
  6009 | D:5      | Found a staircase to the Ecumenical Temple.
  6047 | D:5      | Reached skill level 1 in Invocations
  6417 | D:5      | Found a bloodstained altar of Trog.
  6439 | D:5      | Noticed a two-headed ogre
  6540 | D:5      | Killed a two-headed ogre
  6540 | D:5      | Reached * piety under Okawaru
  6540 | D:5      | Reached skill level 10 in Hexes
  6540 | D:5      | Reached XP level 8. HP: 37/37 MP: 2/15
  6864 | D:6      | Reached ** piety under Okawaru
  6965 | D:6      | Reached skill level 5 in Dodging
  6972 | D:6      | You fall through a shaft for 3 floors!
  6991 | D:9      | Noticed a hippogriff
  6992 | D:9      | Found a staircase to the Lair.
  7033 | D:9      | Noticed a troll
  7043 | D:9      | Noticed a two-headed ogre
  7051 | D:9      | Reached XP level 9. HP: 34/41 MP: 3/16
  7052 | D:9      | Killed a two-headed ogre
  7052 | D:9      | Reached *** piety under Okawaru
  7321 | D:7      | Found a snail-covered altar of Cheibriados.
  7328 | D:7      | Found Qaogoekh's Armour Shop.
  7517 | D:7      | Reached skill level 5 in Evocations
  7620 | D:6      | Found a shimmering altar of Xom.
  7622 | D:6      | Found a shimmering altar of Xom.
  7622 | D:6      | Found a shimmering altar of Xom.
  7636 | D:6      | Found a shimmering altar of Xom.
  7637 | D:6      | Found a shimmering altar of Xom.
  7637 | D:6      | Found a shimmering altar of Xom.
  7637 | D:6      | Found a shimmering altar of Xom.
  7637 | D:6      | Found a shimmering altar of Xom.
  7666 | D:6      | Reached **** piety under Okawaru
  7677 | D:6      | Got a slimy brass amulet
  7952 | D:6      | Noticed Prince Ribbit
  7960 | D:6      | Killed Prince Ribbit
  7960 | D:6      | Reached skill level 10 in Stealth
  8591 | D:7      | Reached skill level 5 in Short Blades
  9054 | D:7      | Bought a scarf of cloud immunity for 77 gold pieces
  9101 | D:7      | Reached skill level 5 in Spellcasting
  9114 | D:7      | Reached XP level 10. HP: 37/45 MP: 1/19
  9328 | D:7      | Found a basalt altar of Yredelemnul.
  9451 | D:8      | Received a gift from Okawaru
  9671 | D:8      | Reached ***** piety under Okawaru
  9716 | D:8      | Reached skill level 11 in Hexes
  9864 | D:8      | Noticed Maurice
  9878 | D:8      | Killed Maurice
 10259 | D:8      | Received a gift from Okawaru
 10443 | D:8      | Reached skill level 12 in Hexes
 10956 | D:9      | Learned a level 5 spell: Summon Mana Viper
 10970 | D:9      | Noticed jesusflecha's ghost (journeyman HOFi)
 11023 | D:9      | Reached XP level 11. HP: 33/52 MP: 2/22
 11132 | D:9      | Killed jesusflecha's ghost
 11442 | Lair:1   | Entered Level 1 of the Lair of Beasts
 11452 | Lair:1   | Received a gift from Okawaru
 11557 | Lair:1   | Identified the amulet "Umimim Yxue" {RegenMP rPois Str+2 Int+2} (You found it on level 6 of the Dungeon)
 11753 | Lair:1   | Noticed Gastronok
 11804 | Lair:1   | Killed Gastronok
 11804 | Lair:1   | Reached skill level 10 in Short Blades
 12328 | Lair:2   | Noticed a seven-headed hydra
 12330 | Lair:2   | Reached skill level 1 in Summonings
 12361 | Lair:2   | HP: 2/52 [seven-headed hydra (9)]
 12361 | Lair:2   | Mangled by a seven-headed hydra

Skill      XL: |  1  2  3  4  5  6  7  8  9 10 11 |
---------------+----------------------------------+-----
Short Blades   | 2 4 5 7 10 | 10.3
Hexes          | 4 6 10 12 | 12.2
Spellcasting   | 3 4 5 7 |  7.0
Stealth        | 5 6 7 8 10 | 10.6
Fighting       | 1 3 |  3.1
Invocations    | 2 3 |  3.0
Dodging        | 7 9 |  9.2
Evocations     | 5 |  5.0
Summonings     | 1 |  1.9

Action                   |  1- 3 |  4- 6 |  7- 9 | 10-12 || total
-------------------------+-------+-------+-------+-------++-------
Melee: Dagger            |   118 |   169 |   294 |   323 ||   904
 Cast: Corona            |    10 |       |       |       ||    10
       Ensorcelled Hiber |    16 |     9 |     3 |     1 ||    29
       Confuse           |    16 |    34 |    74 |    98 ||   222
       Tukima's Dance    |       |     3 |    18 |     6 ||    27
Invok: Heroism           |       |       |       |     1 ||     1
  Use: Scroll            |     5 |     4 |    11 |     5 ||    25
       Potion            |       |     3 |       |       ||     3
 Stab: Sleeping          |    17 |    17 |    21 |    20 ||    75
       Confused          |     5 |    12 |    47 |    70 ||   134
  Eat: Bread ration      |     1 |       |     3 |     1 ||     5
       Royal jelly       |       |     1 |       |     1 ||     2
Armor: Robe              |    10 |     8 |     7 |     2 ||    27
       Troll leather arm |       |       |       |     3 ||     3
Dodge: Dodged            |    98 |   114 |   162 |   115 ||   489
